Map: Deathaura LE

Players

PiLiPiLi - Winner!

  • Race: Protoss Protoss
  • League: Grandmaster
  • Spawn Location: 11:00

Nina

  • Race: Protoss Protoss
  • League: Grandmaster
  • Spawn Location: 5:00

Event: DreamHack SC2 Masters 2020 Winter

VOD

Have the link to the VOD?

Description

Time

  • Played on: Oct. 27, 2020, 4:46 p.m.
  • Length: 11:17

All games in this series

Show
View Real Time Build Order
Export as new Build Order

PiLiPiLi Protoss - Winner!

Build Orders: 1 Gate Expand, Proxy Void Ray 

Get SALT Encoding   

  12  0:02  Probe  
  13  0:14  Probe  
  13  0:19  Pylon  
  14  0:26  Probe  
  15  0:38  Gateway  
  15  0:39  Probe (Chrono Boost)  
  16  0:48  Assimilator, Probe (Chrono Boost)  
  17  0:53  Probe  
  18  1:05  Probe  
  19  1:17  Probe  
  20  1:23  Nexus  
  20  1:34  Cybernetics Core  
  20  1:38  Probe  
  21  1:43  Assimilator  
  21  1:50  Probe  
  22  1:54  Pylon  
  22  2:02  Probe  
  23  2:10  Stalker (Chrono Boost)  
  23  2:15  Probe  
  26  2:21  Stargate  
  26  2:27  Probe  
  27  2:34  Warp Gate (Chrono Boost)  
  28  2:38  Probe  
  28  2:39  Probe  
  28  2:50  Probe  
  28  2:51  Probe  
  30  2:57  Void Ray (Chrono Boost)  
  30  3:02  Probe  
  30  3:03  Probe  
  30  3:04  Shield Battery  
  36  3:14  Probe  
  36  3:15  Probe  
  38  3:26  Probe, Void Ray  
  39  3:27  Probe  
  39  3:28  Pylon  
  44  3:34  Assimilator  
  44  3:36  Assimilator  
  44  3:39  Probe  
  46  3:41  Shield Battery, Probe  
  46  3:51  Probe  
  46  3:52  Pylon  
  46  3:53  Probe  
  48  3:57  Stargate  
  48  4:02  Pylon, Void Ray (Chrono Boost)  
  48  4:03  Probe  
  49  4:13  Probe  
  49  4:15  Probe  
  55  4:25  Adept, Probe  
  55  4:27  Probe  
  59  4:32  Void Ray (Chrono Boost)  
  59  4:37  Probe  
  64  4:40  Pylon  
  64  4:42  Forge  
  64  4:45  Probe  
  64  4:46  Void Ray (Chrono Boost)  
  64  4:47  Shield Battery  
  69  5:06  Void Ray (Chrono Boost)  
  73  5:14  Probe  
  73  5:16  Pylon  
  73  5:19  Photon Cannon  
  74  5:21  Photon Cannon, Protoss Air Weapons Level 1  
  74  5:23  Void Ray (Chrono Boost)  
  78  5:33  Void Ray (Chrono Boost)  
  78  5:38  Photon Cannon  
  82  5:53  Fleet Beacon  
  84  5:59  Pylon  
  84  6:00  Pylon  
  82  6:07  Void Ray (Chrono Boost)  
  78  6:35  Void Ray (Chrono Boost)  
  82  6:42  Void Ray (Chrono Boost)  
  82  6:47  Probe x2  
  82  6:54  Gateway x2  
  86  6:56  Gateway  
  86  6:57  Photon Cannon  
  86  6:59  Photon Cannon  
  86  7:01  Flux Vanes  
  86  7:05  Nexus  
  86  7:07  Void Ray  
  86  7:12  Void Ray  
  90  7:20  Pylon, Probe x2  
  96  7:32  Probe  
  96  7:34  Twilight Council  
  97  7:37  Probe  
  97  7:38  Gateway  
  97  7:42  Photon Cannon  
  97  7:43  Shield Battery  
  98  7:44  Pylon, Probe  
  99  7:51  Gateway  
  95  8:00  Protoss Ground Weapons Level 1 (Chrono Boost)  
  95  8:03  Charge (Chrono Boost)  
  95  8:07  Void Ray x2 (Chrono Boost)  
  95  8:17  Zealot x2  
  95  8:18  Zealot x2  
  99  8:35  Zealot  
  101  8:42  Sentry  
  101  8:43  Void Ray (Chrono Boost)  
  101  8:44  Gateway  
  101  8:45  Gateway  
  101  8:46  Void Ray (Chrono Boost)  
  101  8:47  Zealot  
  109  8:50  Pylon  
  113  8:56  Zealot x2  
  113  9:00  Zealot  
  119  9:04  Pylon  
  119  9:06  Zealot  
  119  9:07  Zealot  
  123  9:11  Pylon  
  118  9:25  Void Ray (Chrono Boost)  
  118  9:29  Photon Cannon  
  122  9:36  Zealot x2  
  122  9:37  Zealot x2  
  121  9:42  Void Ray  
  111  9:59  Void Ray (Chrono Boost)  
  103  10:02  Zealot  
  103  10:03  Zealot x3  
  105  10:17  Zealot  
  105  10:18  Zealot x3  
  103  10:27  Void Ray (Chrono Boost)  
  87  10:48  Zealot x4  
  99  11:11  Zealot x4  
Show
View Real Time Build Order
Export as new Build Order

Nina Protoss 

Build Orders:  

Get SALT Encoding   

  12  0:00  Probe  
  13  0:12  Probe  
  14  0:18  Pylon  
  14  0:24  Probe  
  15  0:36  Gateway  
  15  0:37  Probe (Chrono Boost)  
  16  0:43  Assimilator  
  16  0:47  Probe (Chrono Boost)  
  17  0:51  Assimilator  
  17  0:52  Probe (Chrono Boost)  
  18  1:05  Gateway  
  18  1:08  Probe (Chrono Boost)  
  19  1:18  Probe (Chrono Boost)  
  20  1:23  Cybernetics Core, Probe (Chrono Boost)  
  21  1:47  Nexus  
  21  1:50  Probe  
  22  1:55  Pylon  
  22  2:00  Warp Gate  
  22  2:03  Probe  
  23  2:10  Adept (Chrono Boost)  
  23  2:15  Probe  
  26  2:27  Probe  
  27  2:33  Stalker  
  27  2:36  Stargate  
  29  2:43  Probe  
  30  2:46  Pylon  
  30  2:55  Probe  
  31  3:03  Stalker  
  33  3:06  Probe  
  33  3:09  Probe  
  35  3:13  Void Ray (Chrono Boost)  
  35  3:19  Probe  
  35  3:23  Probe  
  40  3:32  Probe  
  41  3:35  Probe  
  42  3:42  Gateway  
  42  3:44  Probe  
  42  3:45  Void Ray (Chrono Boost)  
  42  3:47  Probe  
  48  3:56  Probe  
  48  3:59  Probe, Sentry  
  52  4:03  Assimilator  
  52  4:06  Shield Battery  
  52  4:08  Probe  
  53  4:10  Pylon  
  53  4:14  Pylon, Probe  
  54  4:27  Twilight Council  
  54  4:28  Probe x2, Void Ray (Chrono Boost)  
  56  4:40  Probe x2  
  56  4:42  Assimilator  
  56  4:45  Gateway  
  58  4:48  Stalker  
  58  4:52  Pylon  
  60  4:53  Probe  
  60  4:56  Stalker  
  60  4:58  Probe  
  64  5:06  Probe  
  65  5:14  Gateway, Pylon  
  65  5:20  Gateway  
  65  5:26  Gateway  
  65  5:30  Stalker x2  
  65  5:34  Pylon  
  69  5:42  Stalker  
  69  5:46  Pylon  
  71  5:54  Stalker x2  
  75  6:00  Shield Battery  
  75  6:04  Probe x2  
  76  6:07  Stalker  
  78  6:13  Stalker  
  78  6:16  Probe  
  78  6:18  Stalker x3  
  87  6:22  Stalker  
  84  6:37  Twilight Council  
  83  6:46  Probe  
  83  6:47  Probe  
  84  6:49  Nexus  
  84  6:51  Pylon  
  84  6:58  Probe  
  84  6:59  Probe  
  86  7:03  Forge  
  86  7:13  Stalker x4  
  94  7:16  Blink (Chrono Boost)  
  94  7:17  Pylon  
  94  7:28  Oracle (Chrono Boost)  
  94  7:31  Protoss Ground Weapons Level 1 (Chrono Boost), Robotics Facility  
  94  7:35  Stalker  
  99  7:41  Photon Cannon  
  99  7:43  Probe  
  101  7:44  Probe  
  101  7:55  Probe  
  101  7:57  Stalker x2  
  95  8:05  Probe  
  95  8:12  Oracle (Chrono Boost)  
  92  8:13  Probe  
  92  8:18  Stalker x4  
  104  8:20  Probe  
  104  8:21  Probe  
  104  8:23  Observer (Chrono Boost)  
  104  8:25  Probe  
  106  8:32  Probe  
  106  8:33  Pylon, Probe  
  106  8:34  Photon Cannon  
  106  8:38  Probe  
  106  8:39  Sentry  
  109  8:44  Probe  
  109  8:46  Probe  
  111  8:48  Stalker x2  
  111  8:49  Assimilator  
  111  8:50  Probe  
  111  8:51  Assimilator  
  111  8:54  Observer  
  117  8:56  Gateway  
  117  8:57  Probe  
  117  9:01  Stalker x2  
  117  9:02  Probe  
  123  9:05  Probe  
  121  9:25  Stalker x6  
  110  9:39  Shield Battery  
  106  9:48  Stalker x5  
  106  9:56  Stalker x2  
  96  10:11  Stalker x5  
  96  10:20  Stalker x2  
  58  10:34  Stalker x4  
  58  10:35  Probe  
  64  10:36  Probe  
  64  10:40  Stalker  
  63  10:53  Stalker x2  
  65  11:01  Stalker x2  
  60  11:15  Stalker x2  
Tags
 
Add a new tag
Caveats
  • Supply blocks, unpowered buildings, or Contaminate may cause inaccurate times.
  • Supply counts are checked every 10 seconds.